 Dungeon Crawl Stone Soup version 0.13.1-20-gf50ca03 (webtiles) character file.

10249 Kae the Martial Artist (level 11, -12/78 HPs)
             Began as a Mottled Draconian Transmuter on Dec 31, 2013.
             Was a Believer of Sif Muna.
             Mangled by a seven-headed hydra (18 damage)
             ... on Level 11 of the Dungeon.
             The game lasted 00:35:04 (14554 turns).

Kae the Martial Artist (DrTm)                      Turns: 14554, Time: 00:35:06

HP -12/78        AC 11     Str 14      XL: 11   Next: 26%
MP  13/16        EV 18     Int 13      God: Sif Muna [**....]
Gold 580         SH  0     Dex 14      Spells:  4 memorised,  3 levels left

Res.Fire  : . . .   See Invis. : .     - Unarmed
Res.Cold  : . . .   Warding    : .   (armour unavailable)
Life Prot.: + . .   Conserve   : .   (no shield)
Res.Poison: .       Res.Corr.  : .   (helmet restricted)
Res.Elec. : .       Clarity    : +   (no cloak)
Sust.Abil.: . .     Spirit.Shd : .   r - +2 pair of dwarf gloves
Res.Mut.  : .       Stasis     : .   v - +0 pair of boots
Res.Rott. : .       Flight     : .   S - amulet of clarity
Saprovore : . . .                    t - ring of positive energy
                                     O - +4 ring of evasion

@: somewhat resistant to hostile enchantments, unstealthy
A: breathe sticky flames, unfitting armour, AC +7
a: Breathe Sticky Flame, Channel Energy, Forget Spell, Renounce Religion


You were on level 11 of the Dungeon.
You worshipped Sif Muna.
Sif Muna was pleased with you.
You were hungry.

You visited 1 branch of the dungeon, and saw 12 of its levels.
You also visited: Ossuary.

You collected 560 gold pieces.

Inventory:

Missiles
 b - 89 arrows
 C - 17 arrows of flame
Armour
 r - a +2 pair of dwarven gloves (worn)
 v - a +0 pair of boots (worn)
Magical devices
 n - a wand of heal wounds (5)
 p - a wand of fire (6)
 w - a wand of teleportation (2)
 E - a wand of random effects (11) {unknown}
 K - a wand of fire (6)
 M - a wand of cold (2)
 U - a wand of teleportation (1)
 V - a wand of flame (15)
Comestibles
 a - 6 bread rations
 D - a meat ration
 Q - 3 chunks of ogre flesh
 Y - 2 chunks of gnoll flesh
Scrolls
 c - 3 scrolls of enchant weapon I
 h - 4 scrolls of teleportation
 i - 2 scrolls of enchant armour
 l - 5 scrolls of amnesia
 m - a scroll of fear
 u - a scroll of recharging
 G - 3 scrolls of remove curse
 I - 2 scrolls of identify
 J - a scroll of immolation
 T - 3 scrolls of enchant weapon II
Jewellery
 o - an uncursed ring of flight
 t - a ring of positive energy (right hand)
 x - an uncursed ring of protection from fire
 B - an uncursed amulet of resist mutation {unknown}
 F - the amulet "Toeg" {Spirit rF+ rC- Int+1}
   (You found it on level 10 of the Dungeon)

   [amulet of guardian spirit]

   It affects your intelligence (+1).
   It protects you from fire.
   It makes you vulnerable to cold.
 H - an uncursed amulet of resist mutation {unknown}
 N - an uncursed ring of teleportation
 O - a +4 ring of evasion (left hand)
 R - an uncursed ring of fire
 S - an amulet of clarity (around neck)
Potions
 e - 3 potions of heal wounds
 f - 2 potions of beneficial mutation
 g - 2 potions of restore abilities
 j - 2 potions of brilliance
 q - 2 potions of agility
 z - 6 potions of curing
 A - a potion of speed
 L - a potion of might
Books
 d - a book of Changes

   Spells                             Type                      Level
   *Beastly Appendage                 Transmutation                1
   *Sticks to Snakes                  Transmutation                2
   *Spider Form                       Transmutation/Poison         3
   Ice Form                           Ice/Transmutation            4
   *Blade Hands                       Transmutation                5
 k - a book of Wizardry

   Spells                             Type                      Level
   Summon Elemental                   Summoning                    4
   Agony                              Necromancy                   5
   Force Lance                        Conjuration                  5
   Fireball                           Conjuration/Fire             5
   Haste                              Charms                       6
   Invisibility                       Hexes                        6
 s - a Young Poisoner's Handbook

   Spells                             Type                      Level
   Sting                              Conjuration/Poison           1
   Cure Poison                        Poison                       2
   Mephitic Cloud                     Conjuration/Poison/Air       3
   Olgreb's Toxic Radiance            Poison                       4
   Venom Bolt                         Conjuration/Poison           5
 y - a book of Geomancy

   Spells                             Type                      Level
   Sandblast                          Earth                        1
   Stoneskin                          Transmutation/Earth          2
   Passwall                           Transmutation/Earth          3
   Stone Arrow                        Conjuration/Earth            3
   Petrify                            Transmutation/Earth          4
   Lee's Rapid Deconstruction         Earth                        5
 P - a book of Debilitation

   Spells                             Type                      Level
   Corona                             Hexes                        1
   Slow                               Hexes                        2
   Inner Flame                        Hexes/Fire                   3
   Enslavement                        Hexes                        4
   Cause Fear                         Hexes                        4
   Leda's Liquefaction                Hexes/Earth                  4
Miscellaneous
 W - a fan of gales
 X - a fan of gales


   Skills:
 + Level 1.4 Fighting
 + Level 5.2 Dodging
 + Level 13.7 Unarmed Combat
 * Level 2.0 Spellcasting
 * Level 9.8 Transmutations


You had 3 spell levels left.
You knew the following spells:

 Your Spells              Type           Power        Failure   Level  Hunger
a - Beastly Appendage     Trmt           ####..       1%          1    ##.....
b - Sticks to Snakes      Trmt           ####......   1%          2    ###....
c - Spider Form           Trmt/Pois      ##........   12%         3    ####...
d - Blade Hands           Trmt           ####......   14%         5    ######.


Dungeon Overview and Level Annotations

Branches:
Dungeon (12/27)            Temple (0/1) D:6             Orc (0/4) D:10
   Lair: D:8-13

Altars:
Elyvilon
Makhleb
Sif Muna
Zin
Beogh

Shops:
D:7 *   D:10 *   D:11 (

Annotations:
D:4 Prince Ribbit


Message History

The seven-headed hydra bites you.
* * * LOW HITPOINT WARNING * * *
The seven-headed hydra bites you.
* * * LOW HITPOINT WARNING * * *
The seven-headed hydra bites you but does no damage.
You climb upwards.
There is a stone staircase leading down here.
Unknown command.
Unknown command.
Unknown command.
Your hands revert to their normal proportions.
Your +2 pair of dwarven gloves unmelds from your body.
You are feeling hungry.
The seven-headed hydra barely misses you.
The seven-headed hydra bites you.
* * * LOW HITPOINT WARNING * * *
The seven-headed hydra misses you. The seven-headed hydra bites you!
* * * LOW HITPOINT WARNING * * *
The seven-headed hydra bites you!
You die...

..........#...........#
.................#....#
..................#...#
...................#..## #####
.......................# ##.#.##
......................## #.....##
...(.................######.#...#
..(.........∩#.......##.#####..#.
.....)..........@D#.##...# #...##
[...............##......####..#..
................##.......##......
.#........>.......#......%.......
.....................#...........
....................#............
........#........................
.............)..................#
.........#.##........).....#.....


You could see a seven-headed hydra.

Vanquished Creatures
  Urug (D:11)
  Nergalle (D:10)
  3 spectral orcs (D:10)
  3 hippogriffs
  14 yaks
  3 hungry ghosts
  A manticore (D:8)
  A mottled dragon (D:12)
  A phantom (D:6)
  4 ice beasts
  4 orc warriors
  3 sky beasts
  3 ogres
  3 centaurs
  A crocodile (D:10)
  2 gnoll sergeants
  Blork the orc (D:4)
  A cyclops zombie (D:11)
  8 giant frogs
  A big kobold (D:10)
  A water moccasin (D:10)
  A troll zombie (D:10)
  10 killer bees
  A yak zombie (D:11)
  5 wights (D:7)
  A troll skeleton (D:9)
  A giant frog zombie (D:11)
  A hippogriff skeleton (D:8)
  A goliath beetle (D:11)
  3 hounds
  2 jellies
  10 crimson imps
  A black bear zombie (D:6)
  2 iguanas
  5 orc priests
  A quasit (D:8)
  2 giant frog skeletons
  12 worker ants
  6 orc wizards
  3 scorpions
  Ijyb (D:7)
  6 ogre zombies (D:10)
  A hound zombie (D:4)
  A mummy (Ossuary)
  A giant centipede (D:11)
  11 adders
  16 gnolls
  A worm zombie (D:6)
  A giant mite (D:10)
  5 worms
  An adder skeleton (D:7)
  42 orcs
  A bat zombie (D:5)
  6 giant cockroaches
  24 hobgoblins
  11 jackals
  An ooze (D:1)
  3 quokkas
  A ball python (D:3)
  18 bats
  4 giant geckos
  A giant gecko skeleton (D:5)
  5 giant newts
  5 gnoll skeletons (Ossuary)
  12 goblins
  5 goblin zombies
  2 hobgoblin zombies (D:10)
  A jackal skeleton (D:6)
  20 kobolds
  6 kobold skeletons (Ossuary)
  18 orc skeletons
  12 orc zombies (D:10)
  9 rats
380 creatures vanquished.

Vanquished Creatures (collateral kills)
  2 orcs (D:7)
2 creatures vanquished.

Vanquished Creatures (others)
  3 giant spores (D:7)
3 creatures vanquished.

Grand Total: 385 creatures vanquished

Notes
Turn   | Place    | Note
--------------------------------------------------------------
     0 | D:1      | Kae, the Draconian Transmuter, began the quest for the Orb.
     0 | D:1      | Reached XP level 1. HP: 16/16 MP: 1/1
   305 | D:1      | Reached XP level 2. HP: 15/23 MP: 3/3
  1066 | D:2      | Reached skill level 4 in Unarmed Combat
  1066 | D:2      | Reached XP level 3. HP: 17/28 MP: 4/4
  1622 | D:2      | Found a white marble altar of Elyvilon.
  1811 | D:2      | Found a deep blue altar of Sif Muna.
  1813 | D:2      | Found a burning altar of Makhleb.
  1888 | D:2      | Reached XP level 4. HP: 35/35 MP: 6/6
  1944 | D:2      | Became a worshipper of Sif Muna the Loreminder
  3152 | D:3      | Reached skill level 5 in Unarmed Combat
  3242 | D:3      | Reached XP level 5. HP: 28/40 MP: 7/7
  4168 | D:4      | Reached skill level 6 in Unarmed Combat
  4168 | D:4      | Reached XP level 6. HP: 45/47 MP: 9/9
  4201 | D:4      | Noticed Blork the orc
  4211 | D:4      | Killed Blork the orc
  4411 | D:4      | Noticed Prince Ribbit
  4588 | D:5      | Entered Level 5 of the Dungeon
  4796 | D:5      | Reached skill level 7 in Unarmed Combat
  4796 | D:5      | Your scales start taking on a weird mottled pattern.
  4796 | D:5      | Reached XP level 7. HP: 14/52 MP: 8/10
  4992 | D:5      | Learned a level 2 spell: Sticks to Snakes
  5493 | D:6      | Found a staircase to the Ecumenical Temple.
  5706 | D:6      | Reached skill level 5 in Transmutations
  6067 | D:6      | Reached skill level 8 in Unarmed Combat
  6162 | D:6      | Found a sand-covered staircase.
  6187 | Ossuary  | Entered an ossuary
  6187 | Ossuary  | Noticed a guardian mummy
  6187 | Ossuary  | Noticed a guardian mummy
  6187 | Ossuary  | Noticed a guardian mummy
  6477 | Ossuary  | Noticed a guardian mummy
  6766 | D:6      | Reached XP level 8. HP: 47/60 MP: 12/12
  6972 | D:6      | Acquired Sif Muna's first power
  6997 | D:6      | Reached skill level 9 in Unarmed Combat
  7488 | D:7      | Learned a level 3 spell: Spider Form
  7494 | D:7      | Found Zin's Purification Station.
  7496 | D:7      | Found a glowing silver altar of Zin.
  8369 | D:7      | Noticed Ijyb
  8393 | D:7      | Killed Ijyb
  8396 | D:7      | Reached skill level 10 in Unarmed Combat
  8685 | D:7      | Reached XP level 9. HP: 28/66 MP: 11/13
  9124 | D:7      | Found a roughly hewn altar of Beogh.
  9655 | D:8      | Reached skill level 11 in Unarmed Combat
  9884 | D:8      | Paralysed by you for 6 turns
  9982 | D:8      | Acquired Sif Muna's second power
 10458 | D:9      | Reached skill level 12 in Unarmed Combat
 10505 | D:9      | Learned a level 5 spell: Blade Hands
 10644 | D:9      | Reached XP level 10. HP: 52/72 MP: 13/15
 11303 | D:10     | Entered Level 10 of the Dungeon
 11778 | D:10     | Found a burning altar of Makhleb.
 11795 | D:10     | Got a smoking ivory amulet
 11889 | D:10     | Found Qutt's Assorted Antiques.
 11896 | D:10     | Identified the amulet "Toeg" {Spirit rF+ rC- Int+1} (You found it on level 10 of the Dungeon)
 11994 | D:10     | Found a staircase to the Orcish Mines.
 12165 | D:10     | Reached skill level 13 in Unarmed Combat
 12620 | D:10     | Noticed Nergalle
 12624 | D:10     | Noticed a spectral orc warlord
 12627 | D:10     | Killed Nergalle
 12627 | D:10     | Reached XP level 11. HP: 43/78 MP: 5/16
 12636 | D:10     | Killed a spectral orc warlord
 13323 | D:11     | Noticed Urug
 13344 | D:11     | Killed Urug
 13394 | D:11     | Reached skill level 5 in Dodging
 13707 | D:11     | Found Pypac's Antique Weapon Shoppe.
 14335 | D:12     | Noticed a six-headed hydra
 14554 | D:11     | Mangled by a seven-headed hydra

Action                   |  1- 3 |  4- 6 |  7- 9 | 10-12 || total
-------------------------+-------+-------+-------+-------++-------
Melee: Unarmed           |   169 |   313 |   651 |   476 ||  1609
 Cast: Beastly Appendage |     4 |    12 |    46 |    32 ||    94
       Sticks to Snakes  |       |       |     7 |       ||     7
       Blade Hands       |       |       |       |     7 ||     7
 Abil: Breathe Sticky Fl |       |       |     7 |     1 ||     8
Evoke: Wand              |       |       |    12 |     3 ||    15
  Use: Scroll            |       |    11 |    11 |     8 ||    30
       Potion            |       |     2 |       |     1 ||     3
